Map: Miner Evacuation

Players

raincamp

  • Race: Zerg Zerg
  • Spawn Location: 7:00

raincamp

  • Race: Terran Terran
  • Spawn Location: 7:00

VOD

Have the link to the VOD?

Description

Time

  • Played on: Nov. 26, 2017, 11:49 a.m.
  • Length: 19:09
Show
View Real Time Build Order
Export as new Build Order

raincamp Zerg 

Build Orders:  

Get SALT Encoding   

  12  0:04  Drone  
  13  0:12  Drone  
  14  0:26  Overlord  
  14  0:38  Drone, Extractor  
  14  0:41  Extractor  
  14  0:42  Drone  
  14  0:51  Drone  
  14  0:58  Drone  
  16  1:05  Drone  
  17  1:29  Roach Warren  
  16  1:53  Glial Reconstitution  
  16  2:00  Roach  
  18  2:17  Overlord  
  18  2:30  Drone x2  
  20  2:40  Drone  
  21  3:08  Roach  
  21  3:22  Lair  
  21  3:24  Drone x4  
  25  3:30  Brutalisk  
  25  3:36  Roach  
  27  3:51  Overlord  
  27  3:54  Drone  
  28  4:20  Roach  
  28  4:23  Drone  
  28  4:24  Drone x2  
  28  4:25  Overlord  
  33  4:55  Roach  
  33  5:08  Spire  
  32  5:10  Drone  
  32  5:11  Evolution Chamber, Drone  
  32  5:13  Infestation Pit, Drone  
  32  5:17  Brutalisk  
  31  5:54  Viper x2  
  31  6:00  Roach  
  31  6:03  Drone  
  40  6:23  Mutalisk x2  
  40  6:24  Mutalisk  
  40  6:25  Overlord  
  46  6:38  Roach  
  46  7:00  Brutalisk  
  46  7:12  Virulent Microbes  
  46  7:29  Zerg Missile Weapons Level 1  
  46  7:31  Zerg Flyer Weapons Level 1  
  46  7:39  Extractor  
  45  7:40  Hatchery, Extractor  
  43  8:21  Drone  
  43  8:22  Drone x2  
  43  8:23  Drone x2  
  43  8:24  Drone  
  49  8:59  Overseer  
  49  9:04  Drone x4  
  49  9:05  Drone x4  
  57  9:13  Zerg Missile Weapons Level 2  
  57  9:19  Pneumatized Carapace  
  57  9:20  Drone x3  
  57  9:21  Overlord x2  
  60  9:50  Vicious Glave  
  60  9:51  Hive  
  60  9:56  Drone x3  
  60  9:57  Drone x2  
  65  10:02  Mutalisk  
  65  10:09  Overlord x2, Mutalisk  
  65  10:20  Mutalisk  
  65  10:29  Drone x2  
  67  10:30  Leviathan  
  67  10:34  Spine Crawler  
  67  10:37  Spore Crawler, Spine Crawler, Leviathan  
  64  10:40  Spine Crawler  
  64  10:48  Leviathan  
  63  11:25  Drone x6  
  63  11:26  Drone  
  63  11:28  Sundering Glave  
  70  11:33  Viper  
  70  11:40  Overlord  
  70  11:41  Overlord  
  73  12:07  Zerg Missile Weapons Level 3  
  73  12:13  Mutalisk x3  
  73  12:14  Mutalisk  
  81  12:40  Zerg Flyer Weapons Level 2  
  81  12:55  Mutalisk x2  
  85  13:15  Overseer  
  85  13:24  Overseer  
  85  13:46  Spine Crawler  
  85  13:47  Spine Crawler x3  
  81  13:54  Spine Crawler  
  81  13:55  Spine Crawler  
  79  14:19  Zerg Ground Armor Level 1  
  79  14:25  Mutalisk x6  
  79  14:26  Overlord  
  79  14:27  Overlord  
  79  14:28  Overlord x2  
  91  14:30  Drone  
  91  14:31  Drone x7  
  95  16:08  Zerg Flyer Weapons Level 3  
  95  16:10  Mutalisk x5  
  105  16:47  Overlord x3  
  105  16:48  Overlord  
  105  16:53  Overseer  
  105  17:13  Mutalisk x3  
  105  17:14  Mutalisk x2  
  115  17:47  Mutalisk x2  
  109  18:00  Mutalisk  
Show
View Real Time Build Order
Export as new Build Order

raincamp Terran 

Build Orders:  

Get SALT Encoding   

  12  0:33  Supply Depot  
Tags
 
Add a new tag
Caveats
  • Supply blocks, unpowered buildings, or Contaminate may cause inaccurate times.
  • Supply counts are checked every 10 seconds.